Map: Old Estate

Players

TRUE

  • Race: Zerg Zerg
  • League: Diamond
  • Spawn Location: 3:00

Kuroky

  • Race: Zerg Zerg
  • League: Diamond
  • Spawn Location: 3:00

Lionheart

  • Race: Terran Terran
  • League: Diamond
  • Spawn Location: 1:00

HighasF

  • Race: Terran Terran
  • Spawn Location: 1:00

JaySlays

  • Race: Terran Terran
  • Spawn Location: 9:00

Wolf

  • Race: Zerg Zerg
  • League: Diamond
  • Spawn Location: 7:00

mucFO

  • Race: Terran Terran
  • Spawn Location: 7:00

Luxsong

  • Race: Protoss Protoss
  • Spawn Location: 7:00

VOD

Have the link to the VOD?

Description

Time

  • Played on: April 21, 2018, 12:31 a.m.
  • Length: 13:45
Show
View Real Time Build Order
Export as new Build Order

TRUE Zerg 

Build Orders: Hatch First, Lurkers 

Get SALT Encoding   

  12  0:01  Drone  
  13  0:08  Drone  
  14  0:18  Overlord  
  14  0:38  Drone x3  
  17  0:57  Hatchery  
  17  0:58  Drone  
  17  1:05  Drone  
  18  1:25  Hatchery  
  17  1:29  Drone  
  17  1:30  Drone  
  19  1:51  Hatchery  
  18  1:57  Extractor  
  18  1:58  Drone x2  
  19  2:13  Spawning Pool  
  18  2:17  Drone  
  18  2:19  Drone  
  20  2:27  Drone x2  
  22  2:33  Overlord  
  22  2:36  Drone  
  23  2:39  Drone  
  24  2:44  Drone  
  26  2:51  Drone x3  
  26  2:57  Drone x2  
  30  3:00  Drone  
  31  3:08  Metabolic Boost  
  31  3:11  Drone x3  
  34  3:14  Drone  
  34  3:16  Drone  
  36  3:23  Drone  
  36  3:24  Drone x2  
  39  3:31  Drone x4  
  43  3:35  Extractor  
  43  3:36  Extractor  
  43  3:37  Drone x3  
  44  3:43  Overlord  
  44  3:46  Drone  
  44  3:47  Drone x2  
  47  3:53  Overlord  
  47  3:56  Lair  
  47  4:01  Queen x2  
  51  4:07  Queen  
  53  4:13  Drone x5  
  58  4:17  Drone  
  58  4:18  Extractor  
  58  4:19  Drone x2  
  58  4:21  Extractor  
  58  4:23  Extractor  
  58  4:27  Overlord  
  58  4:29  Drone  
  58  4:30  Drone x2  
  61  4:31  Drone  
  61  4:36  Drone x2  
  64  4:45  Drone x2  
  66  4:47  Drone  
  67  4:56  Spire  
  67  4:57  Drone  
  67  4:59  Drone x2  
  69  5:01  Drone x2  
  71  5:10  Drone  
  71  5:11  Overlord x2  
  71  5:12  Overlord  
  72  5:18  Infestation Pit  
  72  5:21  Hydralisk Den, Queen  
  72  5:26  Overlord x4  
  72  5:27  Overlord x2  
  72  5:28  Pneumatized Carapace  
  72  5:31  Burrow  
  72  5:32  Drone x5  
  72  5:35  Overseer  
  77  5:41  Drone  
  78  5:44  Drone x3, Spore Crawler  
  78  5:49  Hydralisk x4  
  80  5:52  Hydralisk  
  90  5:57  Hive  
  90  6:04  Lurker Den, Drone x4  
  93  6:05  Drone  
  93  6:06  Drone  
  93  6:08  Overlord  
  95  6:12  Extractor, Zerg Flyer Weapons Level 1  
  95  6:17  Hydralisk x3  
  100  6:22  Grooved Spines  
  100  6:31  Drone x2  
  100  6:32  Drone  
  103  6:33  Drone x4  
  103  6:34  Drone  
  103  6:39  Extractor  
  107  6:49  Overlord x5  
  107  7:26  Evolution Chamber x2  
  105  7:30  Lurker x4  
  105  7:31  Lurker x4  
  105  7:33  Adaptive Talons  
  105  7:34  Overlord x4  
  105  7:37  Muscular Augments  
  113  7:42  Viper  
  113  7:43  Viper x2  
  122  8:11  Zerg Missile Weapons Level 1  
  122  8:12  Zerg Ground Armor Level 1  
  122  8:23  Evolution Chamber  
  122  8:24  Viper x4  
  122  8:26  Hydralisk, Evolution Chamber  
  134  8:33  Overlord x6  
  134  9:09  Hydralisk x12  
  144  9:11  Hydralisk  
  144  9:12  Hydralisk x3  
  166  9:19  Zerg Flyer Weapons Level 2  
  166  9:33  Hatchery  
  166  9:38  Lurker x6  
  171  10:09  Viper x3  
  171  10:14  Lurker  
  181  10:24  Overseer x6  
  141  10:39  Hydralisk  
  141  10:40  Viper  
  100  10:50  Viper  
  100  10:52  Zergling x14  
  100  10:53  Zergling x40  
  100  10:54  Zergling x2  
  100  10:56  Adrenal Glands  
  131  11:22  Zergling x18  
  131  11:23  Zergling x4  
  142  11:46  Baneling Nest  
  141  11:49  Drone x4  
  111  12:26  Unknown  
  109  12:31  Zergling x2  
  109  12:32  Zergling x28  
  123  12:39  Hydralisk x3  
  127  12:56  Unknown x2  
  127  12:58  Unknown  
  119  13:19  Hydralisk x13  
  126  13:20  Hydralisk x11  
  145  13:42  Extractor x2  
Show
View Real Time Build Order
Export as new Build Order

Kuroky Zerg 

Build Orders: Hatch First 

Get SALT Encoding   

  12  0:01  Drone  
  13  0:08  Drone  
  14  0:15  Extractor, Drone  
  15  0:25  Overlord  
  15  0:44  Drone x2  
  17  0:57  Drone  
  18  0:59  Hatchery  
  18  1:02  Drone  
  18  1:09  Extractor  
  17  1:12  Drone  
  18  1:21  Spawning Pool  
  18  1:23  Drone  
  18  1:29  Drone  
  19  1:39  Drone  
  20  1:56  Drone  
  21  2:03  Drone  
  21  2:05  Hatchery  
  21  2:17  Queen  
  23  2:26  Metabolic Boost  
  23  2:30  Drone x3  
  23  2:34  Extractor  
  25  2:37  Overlord  
  25  2:40  Zergling x2  
  25  2:42  Zergling x2  
  27  2:49  Overlord  
  27  2:57  Zergling x2  
  28  3:05  Overlord  
  28  3:06  Overlord  
  28  3:12  Queen  
  31  3:20  Drone x2  
  31  3:22  Drone  
  31  3:26  Drone  
  34  3:28  Drone  
  34  3:31  Drone  
  36  3:39  Lair  
  36  3:46  Queen  
  38  3:51  Zergling x4  
  40  3:57  Zergling x4  
  40  3:58  Drone  
  43  4:04  Drone x2  
  45  4:11  Drone x2  
  45  4:12  Drone  
  45  4:13  Drone  
  45  4:17  Drone  
  50  4:19  Drone  
  50  4:20  Drone  
  52  4:28  Drone x4  
  57  4:31  Drone  
  57  4:34  Overlord  
  57  4:37  Drone  
  58  4:52  Drone x3  
  61  4:54  Drone  
  61  4:56  Drone x2  
  61  4:57  Drone x2  
  61  4:59  Extractor x2, Drone  
  66  5:00  Drone  
  66  5:12  Hydralisk Den  
  65  5:15  Drone  
  66  5:36  Overseer  
  66  5:39  Overlord x7  
  66  5:40  Overlord x3  
  66  5:55  Muscular Augments  
  66  5:56  Hydralisk  
  66  5:57  Hydralisk x3  
  66  6:00  Drone  
  66  6:02  Drone x2  
  77  6:12  Hydralisk x3  
  83  6:19  Pneumatized Carapace  
  83  6:23  Hydralisk x3  
  83  6:25  Infestation Pit  
  88  6:30  Hatchery  
  88  6:32  Drone x3  
  90  6:34  Drone x3  
  93  6:46  Hydralisk x3  
  99  6:47  Hydralisk x2  
  99  6:48  Hydralisk  
  105  6:55  Extractor x2, Hydralisk x2  
  105  6:59  Drone x4  
  111  7:04  Hive  
  111  7:06  Grooved Spines  
  111  7:08  Hydralisk  
  111  7:10  Evolution Chamber x2  
  111  7:12  Hydralisk  
  113  7:16  Hydralisk x2  
  117  7:28  Zergling x10  
  117  7:29  Zergling x8  
  126  7:36  Evolution Chamber  
  125  7:41  Drone x3  
  125  7:43  Hydralisk  
  130  7:49  Hydralisk x3  
  130  7:50  Hydralisk x2  
  140  7:53  Zerg Missile Weapons Level 1  
  140  7:57  Zerg Ground Armor Level 1  
  140  8:00  Hydralisk  
  140  8:02  Zerg Melee Weapons Level 1  
  142  8:06  Drone x2  
  144  8:17  Hydralisk  
  144  8:37  Drone, Ultralisk Cavern  
  144  8:38  Overlord x2  
  144  8:39  Overlord x6  
  144  8:48  Baneling Nest  
  144  8:50  Drone  
  144  8:53  Extractor, Drone  
  144  8:54  Extractor  
  143  8:56  Drone  
  143  8:58  Drone x5  
  143  8:59  Drone x2  
  151  9:11  Drone  
  151  9:12  Drone x5  
  151  9:16  Hydralisk  
  159  9:28  Hydralisk x4  
  167  9:49  Hydralisk x3  
  167  9:50  Hydralisk x4  
  181  9:53  Ultralisk  
  181  9:54  Ultralisk x2  
  181  9:58  Baneling x4  
  181  9:59  Baneling x6  
  199  10:00  Baneling x6  
  199  10:01  Baneling x7  
  197  10:22  Centrifical Hooks  
  197  10:25  Overlord x5  
  197  10:26  Overlord x7  
  195  10:32  Zerg Missile Weapons Level 2  
  195  10:33  Zerg Ground Armor Level 2  
  195  10:46  Hydralisk  
  195  10:47  Hydralisk  
  199  10:52  Zerg Melee Weapons Level 2  
  194  11:35  Hydralisk  
  194  11:36  Hydralisk x2  
  200  12:06  Hatchery  
  189  12:27  Hydralisk x4  
  189  12:28  Hydralisk x7  
  189  12:29  Hydralisk  
  193  12:42  Hydralisk x3  
  187  13:04  Hydralisk x4  
  187  13:05  Hydralisk x5  
  164  13:10  Hydralisk  
  167  13:13  Hydralisk x2  
  165  13:20  Hydralisk x2  
Show
View Real Time Build Order
Export as new Build Order

Lionheart Terran 

Build Orders: MMM Bio 

Get SALT Encoding   

  12  0:01  SCV  
  13  0:13  SCV  
  14  0:25  SCV  
  15  0:29  Supply Depot  
  15  0:38  Refinery  
  15  0:50  SCV  
  15  0:52  Barracks  
  16  1:02  SCV  
  17  1:14  SCV  
  18  1:27  SCV  
  20  1:41  Orbital Command  
  19  1:48  Command Center  
  19  1:49  Marine  
  20  2:01  Barracks  
  20  2:06  Refinery  
  20  2:08  SCV  
  21  2:15  Barracks Reactor  
  21  2:20  Supply Depot  
  21  2:29  Factory  
  21  2:31  SCV  
  22  2:45  SCV  
  23  2:51  Barracks Tech Lab  
  23  2:53  Marine x2  
  23  2:57  SCV  
  26  3:01  Orbital Command  
  26  3:10  SCV  
  26  3:11  Marine x2  
  29  3:13  Stimpack  
  29  3:19  Starport  
  29  3:22  Factory Reactor  
  29  3:25  SCV  
  30  3:28  SCV  
  30  3:30  Marine  
  30  3:33  Marine  
  33  3:39  Marine  
  34  3:42  SCV  
  34  3:43  SCV  
  36  3:48  Marine  
  36  3:51  Marine  
  36  3:54  SCV  
  36  3:55  SCV  
  40  3:57  Marine, Supply Depot  
  41  4:06  Marine, SCV  
  41  4:09  Medivac  
  45  4:16  SCV  
  46  4:18  Medivac  
  46  4:19  Supply Depot, SCV  
  46  4:22  Engineering Bay x2  
  46  4:23  Marine  
  50  4:25  Marine  
  50  4:27  Marine  
  50  4:28  SCV  
  53  4:36  SCV  
  54  4:41  Marine  
  54  4:43  Marine  
  54  4:45  Marine  
  57  4:54  SCV x2  
  57  4:57  Terran Infantry Weapons Level 1  
  57  4:59  Marine, Refinery  
  60  5:00  Marine  
  60  5:01  Supply Depot  
  60  5:03  Marine  
  60  5:04  Factory Reactor  
  62  5:08  Refinery  
  62  5:23  Marine x2, SCV x2  
  66  5:35  SCV x2  
  67  5:47  SCV x2  
  69  5:56  Marine x2  
  69  5:57  Marine  
  61  5:59  SCV  
  63  6:10  Command Center  
  63  6:14  Marine x3  
  63  6:15  Barracks  
  63  6:16  Barracks  
  63  6:17  Barracks  
  63  6:18  Barracks, Medivac x2  
  68  6:20  Barracks  
  68  6:21  Concussive Shells  
  70  6:32  Terran Infantry Armor Level 1  
  70  7:01  Supply Depot  
  70  7:03  Supply Depot  
  70  7:04  Combat Shields  
  70  7:05  Marine x2, Supply Depot, SCV x2, Widow Mine, Medivac  
  78  7:14  Armory  
  78  7:22  Marine x3, Widow Mine  
  81  7:23  Barracks Reactor x2  
  81  7:24  Barracks Reactor  
  81  7:27  Widow Mine  
  81  7:28  Barracks Tech Lab  
  81  7:29  Barracks Tech Lab  
  85  7:36  Liberator  
  85  7:40  Marine x2, SCV, Marauder  
  85  7:41  SCV  
  85  7:44  Widow Mine  
  93  7:46  Marine  
  93  7:47  Marine  
  93  7:50  Refinery  
  95  7:51  Refinery  
  95  7:52  SCV  
  95  7:58  Marine x2  
  99  8:01  Marine, Supply Depot  
  99  8:04  Marine  
  99  8:05  Terran Infantry Weapons Level 2  
  103  8:19  Marine  
  104  8:22  Marine x5  
  104  8:23  Marine x3  
  112  8:27  Medivac  
  114  8:36  Marine  
  114  8:37  Marine x2  
  114  8:40  Marine x4  
  114  8:41  SCV  
  122  8:50  SCV  
  122  8:53  SCV  
  124  9:28  Terran Infantry Armor Level 2  
  90  9:41  SCV  
  90  9:42  SCV  
  90  9:43  Supply Depot  
  90  9:45  Orbital Command  
  86  9:46  Supply Depot  
  86  9:53  SCV  
  86  9:54  SCV  
  86  9:55  Marine x5  
  86  9:56  Marine x3  
  86  9:57  Marine, Marauder x2  
  101  10:06  SCV x2  
  98  10:10  Viking x2  
  98  10:13  Marine x6  
  106  10:15  Marauder  
  106  10:17  Terran Ship Weapons Level 1  
  106  10:20  Marine  
  106  10:21  Marine x2  
  111  10:22  Marine  
  111  10:23  Widow Mine  
  111  10:24  Widow Mine  
  116  10:30  Marine  
  116  10:31  Marine x4  
  121  10:39  Marine  
  121  10:40  Marine x3, Medivac, Viking  
  129  10:43  Marine  
  129  10:44  Marine  
  129  10:48  Marine x2  
  129  10:49  Marine x2  
  135  10:52  Terran Infantry Weapons Level 3  
  135  10:57  Marine  
  135  10:58  Marauder  
  135  11:02  Marauder  
  135  11:04  Marine  
  141  11:19  Supply Depot  
  141  11:22  Supply Depot  
  141  11:24  Barracks, Supply Depot, Liberator  
  141  11:25  Supply Depot  
  141  11:41  Marine x3, Medivac  
  141  11:44  Marine x4, Widow Mine x2  
  157  11:54  Liberator  
  157  11:58  Marine x5  
  157  12:01  Supply Depot  
  157  12:23  Supply Depot  
  157  12:26  Marine  
  157  12:27  Marine x5  
  157  12:28  Marine  
  157  12:29  Liberator  
  150  12:36  Liberator  
  150  12:38  Marine x2  
  150  12:39  Marine x2  
  154  12:44  Marine  
  154  12:47  Marine x2  
  158  13:12  Widow Mine  
  158  13:13  Widow Mine  
  158  13:18  Starport  
  126  13:21  Starport  
  126  13:22  Marine x2  
  126  13:23  Marine x5  
  126  13:24  Marine x3  
Show
View Real Time Build Order
Export as new Build Order

HighasF Terran 

Build Orders: Liberator Opening, Reaper Expand, MMM Bio 

Get SALT Encoding   

  12  0:01  SCV  
  13  0:13  SCV  
  14  0:18  Supply Depot  
  14  0:25  SCV  
  15  0:40  SCV  
  15  0:42  Barracks  
  16  0:45  Refinery  
  16  0:52  SCV  
  17  1:04  SCV  
  18  1:16  SCV  
  19  1:30  Reaper  
  19  1:31  Orbital Command  
  20  1:46  Command Center  
  20  1:53  Refinery  
  20  1:58  SCV  
  21  2:02  Supply Depot  
  21  2:05  Barracks Reactor  
  21  2:10  SCV  
  22  2:23  SCV  
  22  2:26  Factory  
  23  2:35  SCV  
  24  2:45  Marine  
  24  2:46  Marine  
  24  2:47  SCV  
  27  2:59  SCV  
  27  3:02  Orbital Command  
  27  3:04  Marine  
  27  3:05  Marine  
  30  3:09  Supply Depot  
  30  3:11  Starport  
  30  3:15  Cyclone  
  33  3:23  Marine x2  
  33  3:25  SCV  
  36  3:30  SCV  
  37  3:34  Supply Depot  
  37  3:35  Liberator  
  37  3:38  SCV  
  37  3:41  Marine x2  
  40  3:50  Barracks  
  40  3:54  SCV  
  40  3:55  SCV  
  45  4:07  SCV x2  
  45  4:09  Barracks Tech Lab  
  47  4:10  Factory Tech Lab  
  47  4:13  Engineering Bay  
  46  4:19  SCV x2  
  48  4:27  Stimpack  
  48  4:31  SCV  
  48  4:32  SCV  
  48  4:35  Refinery  
  48  4:36  Siege Tank  
  48  4:37  Starport Reactor  
  53  4:52  Command Center  
  53  4:57  Marine x2  
  53  4:58  Marine  
  53  4:59  Terran Infantry Weapons Level 1  
  56  5:00  SCV x2  
  56  5:04  Refinery  
  58  5:12  Missile Turret, SCV  
  58  5:13  Missile Turret  
  60  5:14  SCV  
  60  5:20  Marine x2  
  62  5:30  SCV  
  62  5:36  Medivac, SCV  
  62  5:49  Medivac, SCV  
  62  6:04  Marine x3, SCV  
  66  6:11  SCV  
  68  6:16  Supply Depot, SCV  
  68  6:17  Supply Depot  
  69  6:20  Orbital Command  
  69  6:21  Marine x2  
  70  6:26  Barracks, Siege Tank  
  70  6:28  Combat Shields  
  73  6:35  SCV x2  
  75  6:42  Engineering Bay  
  75  6:44  Medivac x2  
  75  6:45  Marine x2  
  75  6:46  Armory  
  81  6:47  SCV  
  81  6:52  Barracks  
  82  6:55  Barracks  
  82  6:57  Barracks  
  82  6:58  Barracks  
  82  7:07  SCV x2  
  74  7:23  Marine x2  
  74  7:28  Marine  
  78  7:30  Siege Tank  
  78  7:31  Orbital Command  
  78  7:34  Barracks Tech Lab  
  78  7:35  Supply Depot, Terran Infantry Weapons Level 2  
  80  7:37  Engineering Bay  
  80  7:38  Terran Vehicle Weapons Level 1  
  80  7:40  Marine x2, Medivac  
  80  7:41  Medivac  
  80  7:43  Barracks Reactor x2  
  86  7:44  Barracks Reactor  
  86  7:45  Barracks Reactor  
  86  7:57  SCV x3  
  89  8:05  Marine  
  90  8:06  Marauder x2  
  90  8:07  Siege Tank  
  90  8:09  Terran Infantry Armor Level 1  
  97  8:13  Supply Depot  
  97  8:22  Liberator  
  97  8:24  Marine  
  97  8:25  Marine  
  99  8:28  Marauder  
  101  8:35  Marauder  
  101  8:36  Barracks Tech Lab  
  101  8:37  Barracks Tech Lab, Armory  
  101  8:39  Barracks Tech Lab  
  106  8:41  Starport, SCV  
  106  8:42  SCV x2  
  109  9:12  Hi-Sec Auto Tracking  
  109  9:13  SCV x2  
  109  9:14  Supply Depot, Marauder x5  
  109  9:16  SCV  
  122  9:18  Liberator x2  
  122  9:25  SCV  
  122  9:27  SCV  
  122  9:28  SCV  
  125  9:35  Marine x2  
  133  9:39  Marine  
  133  9:42  Marine  
  133  9:45  Marauder  
  133  9:49  Marine  
  133  9:50  Marine x2  
  133  9:51  Marauder  
  132  9:52  Terran Ship Weapons Level 1  
  132  9:54  Terran Vehicle And Ship Armor Level 1  
  132  9:55  Liberator  
  132  9:57  Supply Depot  
  132  9:58  Supply Depot, Marine  
  133  10:12  Marine x8, Liberator  
  144  10:14  Liberator  
  144  10:16  Marine  
  145  10:22  Supply Depot  
  145  10:23  Supply Depot  
  145  10:24  Supply Depot x2  
  145  10:28  Liberator  
  145  10:29  Supply Depot  
  145  10:30  Marine  
  155  10:51  Refinery x2  
  155  10:52  Marine x3  
  155  10:53  Marine x6  
  155  10:54  Liberator  
  155  10:55  Liberator  
  164  11:02  Command Center  
  164  11:08  Missile Turret  
  164  11:10  Marine x4, Missile Turret  
  164  11:11  Marine  
  168  11:15  Liberator  
  175  11:24  Liberator  
  178  11:35  Marine x3  
  178  11:36  Marine x6  
  190  11:53  Marine x4  
  190  11:54  Marine x4  
  195  12:00  Liberator  
  195  12:01  Liberator  
  181  12:27  Liberator x2  
  181  12:44  Marine  
  181  12:45  Marine x6  
  181  12:46  Marine  
  181  12:47  Marine  
  190  13:02  Marine  
  190  13:03  Marine x6  
  180  13:14  Marine x2  
  176  13:20  Marine  
  176  13:21  Marine x6  
Show
View Real Time Build Order
Export as new Build Order

JaySlays Terran 

Build Orders:  

Get SALT Encoding   

  12  0:01  SCV  
  13  0:13  SCV  
  14  0:19  Supply Depot  
  14  0:25  SCV  
  15  0:41  SCV  
  16  0:43  Barracks  
  16  0:49  Refinery  
  16  0:53  SCV  
  17  1:05  SCV  
  18  1:17  SCV  
  19  1:19  Refinery  
  19  1:25  Supply Depot  
  20  1:42  Orbital Command  
  19  1:50  Factory  
  19  2:12  SCV  
  20  2:23  Command Center  
  20  2:26  SCV  
  21  2:44  Factory Reactor  
  21  2:46  SCV  
  22  2:58  SCV  
  22  3:00  Factory  
  22  3:03  Armory  
  23  3:10  SCV  
  24  3:21  Cyclone x2  
  30  3:30  Supply Depot  
  30  3:32  SCV  
  32  3:46  Orbital Command  
  31  3:57  Cyclone  
  31  3:59  Factory Reactor  
  34  4:07  SCV  
  35  4:14  Refinery  
  35  4:18  Cyclone  
  35  4:19  SCV  
  39  4:29  Cyclone  
  42  4:32  SCV  
  43  4:42  SCV  
  43  4:43  Refinery  
  43  4:44  SCV  
  45  4:46  Cyclone  
  48  4:54  SCV  
  48  4:56  SCV  
  48  4:58  Supply Depot  
  50  5:06  SCV  
  51  5:08  Terran Vehicle Weapons Level 1  
  51  5:11  SCV  
  52  5:18  SCV  
  53  5:23  SCV  
  54  5:30  SCV  
  54  5:31  Cyclone  
  54  5:32  Cyclone  
  54  5:35  SCV  
  62  5:55  Supply Depot  
  62  6:10  Supply Depot  
  62  6:17  SCV x2, Cyclone x2  
  62  6:18  Armory  
  70  6:22  Factory  
  70  6:31  SCV x2, Cyclone  
  75  6:43  SCV x2  
  77  6:55  SCV  
  77  6:57  Engineering Bay  
  78  7:29  Factory Tech Lab  
  78  7:44  Missile Turret x2  
  78  7:52  Cyclone x2  
  78  7:53  Hellbat  
  78  7:54  Supply Depot  
  78  7:56  Terran Vehicle Weapons Level 2  
  78  7:57  Terran Vehicle And Ship Armor Level 1  
  86  7:58  Supply Depot  
  86  8:05  Missile Turret  
  86  8:12  SCV, Cyclone  
  84  8:13  Cyclone  
  84  8:14  Hellbat  
  84  8:17  Supply Depot  
  80  8:22  Supply Depot  
  80  8:24  SCV, Cyclone  
  80  8:25  Hellbat  
  86  8:29  Factory  
  86  8:30  SCV  
  87  8:35  Hellbat  
  87  8:40  Infernal Pre-Igniter  
  89  8:44  Cyclone  
  89  8:45  Hellbat  
  94  8:57  Siege Tank  
  94  8:58  SCV x2  
  97  9:20  Command Center  
  97  9:29  Siege Tank  
  91  10:01  Siege Tank  
  98  10:14  Hellbat x4  
  102  10:33  Hellbat  
  104  10:54  Siege Tank  
  107  11:07  Hellion  
  107  11:08  Hellion  
  107  11:10  Factory Reactor  
  111  11:12  Factory Reactor  
  111  11:15  Terran Vehicle And Ship Armor Level 2  
  111  11:18  Rapid Fire Launchers  
  111  11:26  Siege Tank  
  111  11:29  Hellion x2  
  118  11:36  SCV x2, Orbital Command  
  120  11:48  SCV x2  
  120  11:50  Hellion  
  120  11:51  Hellion x4  
  132  12:00  SCV  
  133  12:05  Siege Tank, SCV  
  71  12:34  Hellion x2  
  71  12:35  Hellion x4  
  79  12:38  Siege Tank  
  82  12:56  Hellion x6  
  94  13:00  Factory  
  94  13:04  Factory  
  94  13:10  Siege Tank  
  85  13:17  Hellion x3  
  85  13:18  Hellion x3  
Show
View Real Time Build Order
Export as new Build Order

Wolf Zerg 

Build Orders: Hatch First 

Get SALT Encoding   

  12  0:03  Drone  
  13  0:13  Overlord  
  13  0:18  Drone  
  14  0:31  Drone x2  
  16  0:37  Drone  
  17  0:57  Hatchery  
  16  1:00  Drone  
  16  1:02  Drone  
  18  1:14  Extractor  
  17  1:20  Spawning Pool  
  17  1:23  Drone  
  17  1:25  Drone  
  18  1:39  Drone  
  19  1:42  Overlord  
  19  1:57  Drone  
  20  2:11  Queen x2  
  20  2:12  Zergling x4  
  20  2:13  Zergling x2  
  27  2:17  Metabolic Boost  
  27  2:25  Drone x2  
  29  2:46  Drone x2  
  29  2:47  Drone x2  
  32  3:05  Drone x3  
  35  3:09  Hatchery  
  34  3:17  Baneling Nest  
  34  3:18  Evolution Chamber  
  32  3:22  Queen  
  34  3:27  Spore Crawler  
  34  3:30  Spore Crawler  
  34  3:32  Drone  
  33  3:36  Overlord  
  33  3:39  Drone  
  34  4:01  Drone x6  
  34  4:02  Drone x3  
  43  4:09  Zerg Melee Weapons Level 1  
  43  4:13  Lair  
  43  4:23  Drone x4  
  47  4:25  Drone  
  48  4:40  Extractor  
  48  4:41  Drone x2  
  48  4:42  Overlord x3  
  49  4:55  Evolution Chamber  
  48  5:00  Queen  
  48  5:02  Drone  
  48  5:03  Drone x6  
  57  5:12  Extractor x2  
  55  5:18  Drone  
  55  5:19  Drone x7  
  63  5:24  Hydralisk Den  
  59  5:59  Drone  
  59  6:00  Drone x11  
  59  6:03  Extractor x2  
  68  6:06  Zerg Missile Weapons Level 1, Zerg Melee Weapons Level 2  
  68  6:08  Muscular Augments  
  68  6:14  Drone x4  
  72  6:19  Drone x2  
  72  6:22  Overlord x5  
  74  6:41  Centrifical Hooks  
  74  6:44  Hydralisk x6  
  74  6:46  Zergling x8  
  90  6:53  Drone  
  90  6:54  Drone x3  
  94  7:07  Hydralisk x2  
  94  7:08  Hydralisk x5  
  106  7:09  Zergling x2  
  106  7:10  Zergling x2  
  110  7:16  Overlord  
  110  7:17  Overlord  
  110  7:18  Hatchery  
  110  7:21  Grooved Spines  
  109  7:37  Hydralisk x7  
  123  7:45  Overlord x4  
  123  7:54  Infestation Pit  
  123  7:56  Overseer x2  
  123  7:58  Pneumatized Carapace  
  122  8:16  Hatchery  
  122  8:17  Extractor  
  122  8:19  Hydralisk x5  
  122  8:20  Hydralisk x3  
  122  8:21  Zergling x8  
  122  8:22  Extractor  
  122  8:25  Baneling x4  
  139  8:27  Baneling  
  139  8:34  Zergling x2  
  139  8:35  Zergling x12  
  139  8:37  Overlord  
  146  8:43  Zerg Missile Weapons Level 2  
  146  8:47  Zerg Ground Armor Level 1  
  146  9:03  Spore Crawler  
  146  9:05  Queen  
  135  9:40  Hatchery  
  131  9:54  Zergling x8  
  131  9:55  Zergling x36  
  146  10:25  Overseer  
  146  10:35  Drone x4  
  137  10:36  Drone x2  
  137  10:37  Hydralisk  
  137  10:38  Hydralisk x8  
  133  10:51  Hive  
  133  10:59  Overlord x5  
  133  11:02  Queen  
  135  11:18  Zerg Ground Armor Level 2, Spire  
  133  11:36  Zergling x42  
  135  12:20  Baneling  
  135  12:21  Baneling x21  
  135  12:22  Baneling x5  
  133  12:23  Baneling x20  
  133  12:24  Zergling x2  
  133  12:25  Zergling x24  
  133  12:26  Zergling x26  
  159  12:42  Hydralisk x10  
  159  12:43  Hydralisk  
Show
View Real Time Build Order
Export as new Build Order

mucFO Terran 

Build Orders:  

Get SALT Encoding   

  12  0:02  SCV  
  13  0:22  Supply Depot  
  13  0:26  SCV  
  14  0:48  Barracks  
  14  0:56  Supply Depot  
  14  1:03  SCV  
  15  1:22  Command Center  
  15  1:26  SCV  
  16  1:39  Engineering Bay  
  16  1:43  Marine  
  17  1:54  Refinery  
  17  2:01  Marine, Refinery  
  17  2:04  SCV  
  19  2:15  Missile Turret  
  19  2:19  Marine  
  19  2:22  SCV  
  21  3:10  Marine  
  22  3:40  Factory  
  22  3:43  Missile Turret  
  22  4:03  Marine  
  23  4:20  Marine  
  23  4:21  SCV  
  25  4:30  Missile Turret  
  25  4:32  Factory Tech Lab  
  25  4:33  SCV  
  26  4:38  Marine  
  26  4:43  Starport  
  26  4:44  SCV  
  26  4:45  SCV  
  29  4:56  SCV  
  29  4:57  SCV  
  31  5:08  Siege Tank  
  31  5:09  SCV  
  31  5:12  Marine  
  36  5:30  Marine  
  33  5:48  Marine  
  34  5:52  Siege Tank  
  35  6:04  SCV  
  35  6:06  Marine  
  35  6:10  Starport Tech Lab  
  37  6:17  Fusion Core, SCV  
  38  6:23  Missile Turret  
  38  6:29  SCV  
  38  6:32  Siege Tank  
  42  6:41  SCV  
  42  6:44  Marine, Missile Turret  
  44  6:53  SCV  
  45  7:01  Starport  
  45  7:02  Marine  
  45  7:06  Supply Depot  
  46  7:17  Refinery  
  46  7:20  Refinery  
  46  7:26  Command Center  
  46  7:29  Supply Depot, SCV  
  47  7:40  Marine  
  47  7:41  SCV  
  49  7:47  Siege Tank  
  52  7:51  Supply Depot  
  52  7:54  SCV  
  52  7:58  Marine, Battlecruiser  
  60  8:06  Starport Tech Lab  
  60  8:14  Supply Depot  
  60  8:16  Marine  
  61  8:21  SCV  
  62  8:33  SCV  
  62  8:34  Marine  
  63  8:35  Missile Turret  
  63  8:40  Planetary Fortress  
  64  8:45  Factory, SCV  
  65  8:52  Marine  
  65  8:54  Missile Turret  
  66  9:01  Battlecruiser  
  72  9:10  Starport  
  72  9:16  Missile Turret  
  72  9:31  SCV  
  72  9:34  Factory Reactor  
  72  9:35  Missile Turret  
  73  9:39  Factory  
  73  9:43  Supply Depot, SCV  
  73  9:55  SCV  
  74  10:05  Supply Depot  
  72  10:07  SCV  
  72  10:12  Widow Mine  
  72  10:13  Widow Mine  
  76  10:20  SCV  
  76  10:21  Starport Tech Lab  
  77  10:27  Supply Depot  
  76  10:52  Factory Tech Lab  
  76  10:55  Supply Depot, Widow Mine  
  76  10:56  Widow Mine  
  80  10:59  SCV  
  80  11:02  Planetary Fortress  
  81  11:11  SCV, Battlecruiser  
  88  11:17  Supply Depot, Widow Mine x2  
  92  11:20  Battlecruiser  
  92  11:23  SCV  
  99  11:35  SCV  
  100  11:38  Widow Mine x2  
  100  11:39  Supply Depot  
  104  11:59  Widow Mine  
  104  12:00  Widow Mine  
Show
View Real Time Build Order
Export as new Build Order

Luxsong Protoss 

Build Orders: 1 Gate Expand 

Get SALT Encoding   

  12  0:01  Probe  
  13  0:13  Probe  
  14  0:31  Probe  
  14  0:32  Pylon  
  15  0:56  Gateway  
  15  1:17  Assimilator  
  15  1:18  Probe, Nexus  
  16  1:32  Forge  
  16  1:37  Probe  
  17  1:46  Pylon  
  17  1:52  Probe  
  18  2:04  Probe  
  19  2:19  Photon Cannon  
  19  2:22  Probe  
  19  2:26  Cybernetics Core  
  19  2:28  Probe  
  20  2:30  Probe  
  22  2:42  Probe  
  22  3:01  Probe  
  22  3:02  Probe  
  22  3:05  Photon Cannon  
  24  3:13  Probe  
  24  3:14  Stargate  
  24  3:18  Shield Battery  
  25  3:20  Pylon  
  25  3:22  Probe  
  25  3:26  Probe  
  27  3:31  Probe  
  27  3:33  Assimilator  
  27  3:38  Probe  
  27  3:39  Probe  
  29  3:45  Assimilator  
  30  3:49  Probe  
  30  3:50  Probe  
  32  3:57  Void Ray  
  32  3:59  Probe  
  32  4:02  Probe  
  38  4:07  Probe  
  38  4:14  Probe  
  38  4:15  Probe  
  41  4:26  Probe  
  41  4:27  Probe  
  43  4:33  Assimilator  
  44  4:38  Probe  
  44  4:39  Probe  
  44  4:40  Void Ray  
  44  4:41  Photon Cannon  
  44  4:44  Shield Battery  
  49  4:58  Probe x2  
  51  5:10  Probe x2  
  52  6:14  Pylon  
  52  6:17  Pylon  
  52  6:20  Pylon  
  52  6:32  Void Ray  
  56  6:41  Pylon  
  56  6:43  Probe x2, Nexus  
  56  6:44  Protoss Air Armor Level 1  
  58  6:48  Assimilator, Stargate  
  58  6:50  Protoss Shields Level 1  
  58  6:53  Assimilator  
  58  6:54  Cybernetics Core, Stargate x2  
  58  6:55  Probe x2  
  58  6:56  Pylon  
  58  7:01  Twilight Council  
  60  7:07  Probe x2  
  62  7:15  Void Ray  
  66  7:23  Protoss Air Weapons Level 1  
  66  7:39  Void Ray x3  
  78  7:50  Photon Cannon  
  78  7:52  Shield Battery  
  78  7:56  Probe  
  78  7:57  Photon Cannon, Shield Battery, Void Ray  
  78  7:58  Probe x2  
  85  7:59  Pylon  
  85  8:08  Probe  
  85  8:10  Probe x2  
  88  8:17  Probe  
  88  8:22  Probe x2, Void Ray  
  88  8:23  Void Ray x2  
  88  8:25  Probe  
  104  8:34  Probe  
  104  8:35  Probe  
  104  8:40  Void Ray  
  110  8:47  Probe  
  111  9:02  Fleet Beacon  
  111  9:05  Pylon, Void Ray  
  111  9:07  Stargate  
  111  9:08  Pylon  
  115  9:23  Void Ray  
  119  9:48  Void Ray x3  
  131  9:53  Protoss Air Armor Level 2  
  131  10:22  Stargate  
  131  10:26  Stargate  
  131  10:41  Protoss Shields Level 2  
  131  11:21  Carrier  
  128  12:14  Carrier  
  130  12:16  Carrier  
  130  12:17  Carrier x2  
Tags
 
Add a new tag
Caveats
  • Supply blocks, unpowered buildings, or Contaminate may cause inaccurate times.
  • Supply counts are checked every 10 seconds.